 Dungeon Crawl Stone Soup version 0.16.1-18-g436b03c (webtiles) character file.

1180 tognito the Skirmisher (level 8, -2/102 (106) HPs)
             Began as a Minotaur Berserker on May 12, 2015.
             Was an Elder of Trog.
             Slain by an orc warrior
             ... wielding a +0 mace
              (5 damage)
             ... on level 6 of the Dungeon on May 13, 2015.
             The game lasted 00:27:32 (5284 turns).

tognito the Skirmisher (Minotaur Berserker)         Turns: 5284, Time: 00:27:33

HP:   -2/102 (106)  AC: 11    Str: 31    XL:     8   Next: 19%
MP:   3/3           EV: 11    Int:  4    God:    Trog [****..]
Gold: 336           SH:  0    Dex: 10    Spells: 0 memorised, 7 levels left

rFire  . . .     SeeInvis .     a - +1 war axe
rCold  . . .     Clarity  .     p - +0 scale mail
rNeg   . . .     SustAb   .     (no shield)
rPois  .         Gourm    .     (helmet restricted)
rElec  .         Spirit   .     o - +2 cloak
rCorr  .         Warding  .     u - +0 pair of gloves
rMut   .         Stasis   .     (no boots)
MR     .....                    (no amulet)
Stlth  ..........               (no ring)
                                q - +3 ring of slaying

@: berserking, very quick, not resistant to hostile enchantments, extremely
unstealthy
A: retaliatory headbutt, horns 2, strong 1
a: Burn Spellbooks, Berserk, Trog's Hand, Brothers in Arms, Renounce Religion


You were on level 6 of the Dungeon.
You worshipped Trog.
Trog was greatly pleased with you.
You were hungry.

You visited 1 branch of the dungeon, and saw 6 of its levels.
You also visited: Ossuary.

You collected 336 gold pieces.

Inventory:

Hand weapons
 a - a +1 war axe (weapon)
 b - a +0 shortbow
 l - a +0 hunting sling
 n - a +0 hunting sling
 A - a +0 hunting sling
Missiles
 g - 114 arrows
 k - 105 stones (quivered)
Armour
 d - a +0 buckler
 o - a +2 cloak (worn)
 p - a +0 scale mail (worn)
 u - a +0 pair of gloves (worn)
Jewellery
 q - a +3 ring of slaying (left hand)
Scrolls
 h - 4 scrolls of identify
 m - 3 scrolls of enchant weapon
 v - a scroll of enchant armour
 w - a scroll of fog
 y - a scroll of teleportation
Potions
 e - 4 potions of curing
 i - a potion of cancellation
 j - a potion of restore abilities
 r - 3 potions of heal wounds
 s - 6 potions of haste
 t - 2 potions of brilliance
Comestibles
 c - 6 bread rations
 f - a meat ration
 z - 2 royal jellies


   Skills:
 * Level 6.8 Fighting
 + Level 5.0 Axes
 + Level 6.7 Slings
 + Level 1.9 Bows
 + Level 4.6 Armour
 + Level 3.3 Dodging
 + Level 0.8 Stealth
 + Level 0.8 Shields


You had 7 spell levels left.
You didn't know any spells.

Dungeon Overview and Level Annotations

Branches:
Dungeon (6/15)             Temple (0/1) D:4

Altars:
Ashenzari
Dithmenos
Fedhas
Gozag
Sif Muna
The Shining One

Shops:
D:5 *

Annotations:
D:4 1 runed door


Innate Abilities, Weirdness & Mutations

You reflexively headbutt those who attack you in melee.
You have a pair of horns on your head.
Your muscles are strong. (Str +2)


Message History

You headbutt the orc warrior, but do no damage.
The orc warrior is heavily wounded.
The orc warrior hits you with a mace!!
* * * LOW HITPOINT WARNING * * *
You barely miss the orc warrior.
The orc warrior is heavily wounded.
The orc warrior hits you but does no damage.
You hit the orc warrior. Your headbutt misses the orc warrior.
The orc warrior is heavily wounded.
The orc warrior hits you but does no damage.
You barely miss the orc warrior.
The orc warrior is heavily wounded.
The orc warrior hits you with a mace!
* * * LOW HITPOINT WARNING * * *
Use which ability? (? or * to list)
A red film seems to cover your vision as you go berserk!
You feel yourself moving faster!
You feel mighty!
You are feeling hungry.
The orc warrior hits you with a mace.
You die...

##+#
##...##
##=....##
##.......##
#.....))..#
+....(o@..+
#.....†)..#
##.......##
##.....##
##...##
##+#


You could see an orc warrior.

Vanquished Creatures
  Eustachio (D:5)
  Edmund (D:4)
  Menkaure (Ossuary)
  A sky beast (D:5)
  A centaur (D:5)
  A phantom (D:4)
  An ogre (D:5)
  A scorpion (D:5)
  A quasit (D:5)
  An orc priest (D:6)
  2 worker ants (D:5)
  4 orc wizards
  Ijyb (D:4)
  2 mummies (Ossuary)
  A gnoll (D:1)
  2 river rats (D:5)
  13 adders
  A shadow imp (D:5)
  A white imp (D:5)
  5 worms
  An adder skeleton (D:4)
  An adder zombie (D:5)
  A giant gecko (D:2)
  3 oozes
  7 orcs
  2 ball pythons
  9 bats
  5 giant cockroaches
  2 gnoll zombies (Ossuary)
  7 goblins
  11 hobgoblins
  4 jackals (D:1)
  3 quokkas
  4 giant newts
  2 gnoll skeletons (Ossuary)
  A goblin skeleton (Ossuary)
  3 goblin zombies (Ossuary)
  3 hobgoblin skeletons (Ossuary)
  5 hobgoblin zombies (Ossuary)
  14 kobolds
  A kobold skeleton (Ossuary)
  3 kobold zombies (Ossuary)
  7 orc skeletons (Ossuary)
  An orc zombie (Ossuary)
  A quokka zombie (D:5)
  15 rats
  4 rat skeletons (Ossuary)
  A rat zombie (Ossuary)
163 creatures vanquished.

Vanquished Creatures (others)
  A mummy (Ossuary)
  A gnoll zombie (Ossuary)
  A gnoll skeleton (Ossuary)
  A goblin skeleton (Ossuary)
  A goblin zombie (Ossuary)
  A hobgoblin skeleton (Ossuary)
  2 hobgoblin zombies (Ossuary)
  2 kobold skeletons (Ossuary)
  A kobold zombie (Ossuary)
  2 orc skeletons (Ossuary)
  4 orc zombies (Ossuary)
  A rat zombie (Ossuary)
18 creatures vanquished.

Grand Total: 181 creatures vanquished

Notes
Turn   | Place    | Note
--------------------------------------------------------------
     0 | D:1      | tognito, the Minotaur Berserker, began the quest for the Orb.
     0 | D:1      | Reached XP level 1. HP: 19/19 MP: 1/1
    68 | D:1      | Reached skill level 4 in Fighting
    77 | D:1      | Reached XP level 2. HP: 18/27 MP: 1/1
   443 | D:1      | Reached XP level 3. HP: 34/34 MP: 2/2
   466 | D:1      | Acquired Trog's second power
   997 | D:2      | Reached skill level 5 in Fighting
  1020 | D:2      | Found an opulent altar of Gozag.
  1126 | D:2      | Reached XP level 4. HP: 32/42 MP: 2/2
  1582 | D:2      | Reached skill level 1 in Slings
  1748 | D:3      | Found a shadowy altar of Dithmenos.
  1936 | D:3      | Reached XP level 5. HP: 43/48 MP: 2/2
  2027 | D:3      | Found a shattered altar of Ashenzari.
  2436 | D:4      | Found a glowing golden altar of the Shining One.
  2436 | D:4      | Noticed an angel
  2437 | D:4      | Found a runed door.
  2536 | D:4      | Found a staircase to the Ecumenical Temple.
  2798 | D:4      | Gained mutation: Your muscles are strong. (Str +2) [potion of beneficial mutation]
  2805 | D:4      | Found a deep blue altar of Sif Muna.
  2857 | D:4      | Noticed Ijyb
  2868 | D:4      | Killed Ijyb
  2906 | D:4      | Noticed Edmund
  2921 | D:4      | Killed Edmund
  2921 | D:4      | Reached XP level 6. HP: 8/53 MP: 3/3
  3154 | D:4      | Acquired Trog's third power
  3159 | D:4      | Noticed a phantom
  3187 | D:4      | Killed a phantom
  3505 | D:4      | Found a blossoming altar of Fedhas.
  3589 | D:5      | Entered Level 5 of the Dungeon
  3630 | D:5      | Reached skill level 5 in Slings
  3630 | D:5      | Reached XP level 7. HP: 44/59 MP: 3/3
  3752 | D:5      | Reached skill level 6 in Fighting
  3874 | D:5      | Found a sand-covered staircase.
  3882 | Ossuary  | Entered an ossuary
  4188 | Ossuary  | Noticed Menkaure
  4195 | Ossuary  | Killed Menkaure
  4263 | Ossuary  | Identified a scroll of acquirement
  4621 | D:5      | Found Patuj's Assorted Antiques.
  4742 | D:5      | Noticed Eustachio
  4764 | D:5      | Killed Eustachio
  4764 | D:5      | Reached skill level 1 in Bows
  4764 | D:5      | Reached XP level 8. HP: 21/68 MP: 3/3
  5274 | D:6      | Reached skill level 5 in Axes
  5283 | D:6      | HP: 2/68 [orc warrior/mace (12)]
  5284 | D:6      | Slain by an orc warrior

Action                   |  1- 3 |  4- 6 |  7- 9 || total
-------------------------+-------+-------+-------++-------
Melee: Hand axe          |    60 |       |       ||    60
       War axe           |     3 |    56 |    53 ||   112
 Fire: Hunting sling     |    26 |   159 |   107 ||   292
       Shortbow          |       |       |    40 ||    40
Invok: Berserk           |       |       |     1 ||     1
  Use: Potion            |     3 |     8 |     2 ||    13
       Scroll            |       |     8 |     3 ||    11
  Eat: Chunk             |     1 |     8 |     3 ||    12
       Pizza             |       |       |     1 ||     1
